 Dungeon Crawl Stone Soup version 0.21.1-1-g345015f (webtiles) character file.

10725 Kairos the Cleaver (level 11, 0/58 HPs)
             Began as a Vine Stalker Fighter on Apr 25, 2018.
             Was a High Priest of Okawaru.
             Slain by a black mamba (10 damage)
             ... on level 1 of the Lair of Beasts.
             The game lasted 00:25:34 (10853 turns).

Kairos the Cleaver (Vine Stalker Fighter)          Turns: 10853, Time: 00:25:34

Health: 0/58       AC: 11    Str: 22    XL:     11   Next: 66%
Magic:  0/12       EV:  8    Int:  8    God:    Okawaru [*****.]
Gold:   548        SH: 11    Dex: 18    Spells: 10/10 levels left

rFire    . . .     SeeInvis .   r - +3 broad axe (venom)
rCold    . . .     Gourm    +   c - +0 shield
rNeg     . . .     Faith    .   M - +0 chain mail
rPois    .         Spirit   +   R - +1 hat {MR+}
rElec    .         Reflect  .   (no cloak)
rCorr    .         Harm     .   (no gloves)
MR       ++...                  (no boots)
Stlth    ..........             J - amulet of the gourmand
HPRegen  0.59/turn              e - +4 ring of dexterity
MPRegen  0.13/turn              G - ring of flight

@: no status effects
A: fangs 3, regeneration 1, magic shield, antimagic bite, no potion heal 3, rot
immunity
a: Heroism, Finesse, Renounce Religion, Evoke Flight


You were on level 1 of the Lair of Beasts.
You worshipped Okawaru.
Okawaru was extremely pleased with you.
You were hungry.

You visited 3 branches of the dungeon, and saw 12 of its levels.
You also visited: Ossuary.

You collected 548 gold pieces.

Inventory:

Hand Weapons
 a - a +0 war axe
 d - a +4 war axe of flaming
 r - a +3 broad axe of venom (weapon)
 w - a +1 hand axe of chopping
 K - a +3 trident
 O - a +1 trident of piercing
Missiles
 p - 13 curare-tipped needles
 q - 57 poisoned needles
 u - 3 silver tomahawks (quivered)
 P - 6 silver javelins
Armour
 b - a +0 scale mail
 c - a +0 shield (worn)
 M - a +0 chain mail (worn)
 R - a +1 hat of magic resistance (worn)
Jewellery
 e - a +4 ring of dexterity (left hand)
 G - a ring of flight (right hand)
 J - an amulet of the gourmand (around neck)
Wands
 x - a wand of enslavement (25)
 A - a wand of flame (50)
 L - a wand of scattershot (6)
 N - a wand of clouds (3)
 Q - a wand of acid (3)
Scrolls
 i - 8 scrolls of teleportation {unknown}
 j - 5 scrolls of enchant armour
 l - a scroll of magic mapping
 m - 4 scrolls of identify
 n - 3 scrolls of amnesia
 o - 4 scrolls of fog
 v - 5 scrolls of remove curse
 y - 4 scrolls of blinking
 B - a scroll of random uselessness
 D - a scroll of acquirement
 H - a scroll of immolation {unknown}
Potions
 g - 4 potions of flight {unknown}
 h - 7 potions of curing
 k - a potion of berserk rage {unknown}
 s - 4 potions of agility {unknown}
 t - 2 potions of invisibility
 z - 2 potions of might
 C - 4 potions of brilliance {unknown}
 E - a potion of haste {unknown}
 F - a potion of resistance {unknown}
Books
 I - a book of Flames

   Spells                             Type                      Level
   a - Flame Tongue                   Conjuration/Fire             1
   b - Throw Flame                    Conjuration/Fire             2
   c - Conjure Flame                  Conjuration/Fire             3
   d - Inner Flame                    Hexes/Fire                   3
   e - Sticky Flame                   Conjuration/Fire             4
   f - Fireball                       Conjuration/Fire             5
Comestibles
 f - 18 rations


   Skills:
 + Level 7.2 Fighting
 + Level 10.7 Axes
 + Level 6.7 Armour
 + Level 3.5 Dodging
 + Level 2.1 Stealth
 + Level 7.5 Shields
 + Level 0.9 Invocations
 + Level 1.2 Evocations


You had 10 spell levels left.
You didn't know any spells.

Dungeon Overview and Level Annotations

Branches:
Dungeon (10/15)            Temple (1/1) D:5            Lair (1/6) D:10
    Orc (0/2) D:9

Altars:
Ashenzari
Cheibriados
Dithmenos
Elyvilon
Fedhas
Gozag
Hepliaklqana
Kikubaaqudgha
Makhleb
Nemelex Xobeh
Okawaru
Qazlal
Ru
Sif Muna
Trog
Uskayaw
Vehumet
Wu Jian
Xom
Yredelemnul
Zin
The Shining One


Innate Abilities, Weirdness & Mutations

You have razor-sharp teeth.
Your natural rate of healing is unusually fast.
When hurt, damage is shared between your health and your magic reserves.
Your bite disrupts and absorbs the magic of your enemies.
Potions cannot restore your health.
You are immune to rotting.


Message History

The black mamba is moderately wounded.
The black mamba bites you. x2
You barely miss the black mamba. Your bite misses the black mamba.
The black mamba is moderately wounded.
You feel sick. You block the black mamba's attack. The black mamba bites you.
You are more poisoned.
The black mamba poisons you!
You hit the black mamba but do no damage.
The black mamba is moderately wounded.
You feel very sick. The black mamba bites you. The black mamba bites you!
* * * LOW HITPOINT WARNING * * *
You are too injured to fight recklessly!
You are too injured to fight recklessly!
You are too injured to fight recklessly!
It was a potion of curing.
Your system rejects the healing.
You feel better. The black mamba bites you!
* * * LOW HITPOINT WARNING * * *
The black mamba bites you!
You die...

... .. .. #. #.# #..##
##S.## ###.#@.### ###
#........# ####+#.###
#........# ##.........
#........###P.........
+........P...........#
#....)..†'..#........#
#........####........#
##+####### ######+.##
.##


You could see a black mamba.

Vanquished Creatures
  Gastronok (D:9)
  A two-headed ogre (D:10)
  The ghost of Duermok the Cleaver, a novice DDFi of Makhleb (D:9)
  Sonja (D:10)
  The ghost of darumender the Basher, a novice DsBe of Trog (D:8)
  Pikel (D:8)
  A troll (D:10)
  The ghost of Flooderbenga the Grave Robber, an amateur GnNe (D:5)
  2 hippogriffs
  Grum (D:9)
  A hungry ghost (D:10)
  2 porcupines (D:10)
  Purgy (D:3)
  An eye of draining (D:10)
  3 ice beasts
  2 sky beasts
  A slave (D:8)
  3 phantoms
  5 orc warriors
  A necrophage (D:6)
  3 wolves
  4 centaurs
  3 ogres
  3 big kobolds
  5 bullfrogs
  3 scorpions
  12 wights
  4 howler monkeys
  5 crimson imps
  3 jellies (D:9)
  4 hounds
  4 orc priests
  4 orc wizards
  4 bullfrog skeletons
  A centaur skeleton (D:8)
  An iguana (D:7)
  10 worker ants
  A statue (D:6)
  A hound skeleton (D:9)
  2 mummies (Ossuary)
  14 adders
  4 gnolls (D:5)
  6 oozes
  4 worms
  2 dart slugs
  7 leopard geckos
  23 orcs
  3 giant cockroaches
  4 gnoll zombies (Ossuary)
  6 goblins
  5 hobgoblins
  17 jackals
  3 quokkas
  A ball python (D:2)
  8 bats
  3 frilled lizards
  A gnoll skeleton (Ossuary)
  5 goblin skeletons (Ossuary)
  3 goblin zombies (Ossuary)
  3 hobgoblin skeletons (Ossuary)
  5 hobgoblin zombies
  37 kobolds
  7 kobold skeletons
  4 kobold zombies
  A leopard gecko skeleton (D:5)
  A leopard gecko zombie (D:5)
  3 orc zombies (Ossuary)
  A quokka skeleton (D:4)
  8 rats
  2 rat skeletons (Ossuary)
  A rat zombie (Ossuary)
  A fungus (D:10)
  A plant (D:10)
302 creatures vanquished.

Vanquished Creatures (collateral kills)
  An orc wizard (D:8)
1 creature vanquished.

Vanquished Creatures (others)
  Prince Ribbit (D:9)
  Menkaure (Ossuary)
  A slave (D:9)
  A mummy (Ossuary)
  2 gnoll zombies (Ossuary)
  2 gnoll skeletons (Ossuary)
  A goblin skeleton (Ossuary)
  4 hobgoblin skeletons (Ossuary)
  A hobgoblin zombie (Ossuary)
  3 orc skeletons (Ossuary)
  3 orc zombies (Ossuary)
  A rat skeleton (Ossuary)
  3 rat zombies (Ossuary)
24 creatures vanquished.

Grand Total: 327 creatures vanquished

Notes
Turn   | Place    | Note
-------+----------+-------------------------------------------
     0 | D:1      | Kairos the Vine Stalker Fighter began the quest for the Orb.
     0 | D:1      | Reached XP level 1. HP: 11/11 MP: 2/2
   200 | D:1      | Reached XP level 2. HP: 16/16 MP: 3/3
   526 | D:1      | Reached skill level 2 in Axes
   537 | D:2      | Reached XP level 3. HP: 5/20 MP: 2/4
  1270 | D:2      | Gained mutation: Your natural rate of healing is unusually fast. [Vine Stalker growth]
  1270 | D:2      | Reached XP level 4. HP: 24/24 MP: 5/5
  1704 | D:3      | Reached skill level 3 in Axes
  1773 | D:3      | Noticed a moth of wrath
  1776 | D:3      | Found a bloodstained altar of Trog.
  1959 | D:3      | Noticed Purgy
  1970 | D:3      | Reached XP level 5. HP: 27/28 MP: 6/6
  1979 | D:3      | Killed Purgy
  1982 | D:3      | Reached XP level 6. HP: 16/32 MP: 5/7
  2051 | D:3      | Found a hide-covered altar of Uskayaw.
  2329 | D:4      | Reached skill level 4 in Axes
  2329 | D:4      | Reached skill level 1 in Dodging
  2610 | D:4      | Reached XP level 7. HP: 34/36 MP: 8/8
  2722 | D:4      | Found a glowing golden altar of the Shining One.
  3105 | D:5      | Entered Level 5 of the Dungeon
  3143 | D:5      | Found a stormy altar of Qazlal.
  3288 | D:5      | Noticed Flooderbenga's ghost (amateur GnNe)
  3335 | D:5      | Killed Flooderbenga's ghost
  3335 | D:5      | Reached skill level 5 in Axes
  3417 | D:5      | Found a sand-covered staircase.
  3424 | Ossuary  | Entered an ossuary
  3515 | Ossuary  | Killed Menkaure
  3702 | Ossuary  | Gained mutation: You have razor-sharp teeth. [Vine Stalker growth]
  3702 | Ossuary  | Reached XP level 8. HP: 42/42 MP: 9/9
  4167 | D:5      | Found a staircase to the Ecumenical Temple.
  4183 | Temple   | Entered the Ecumenical Temple
  4611 | D:6      | Found an iron altar of Okawaru.
  4646 | D:6      | Reached skill level 6 in Axes
  4680 | D:6      | Became a worshipper of Warmaster Okawaru
  4705 | D:6      | Reached skill level 1 in Stealth
  5295 | D:6      | Reached skill level 5 in Shields
  5397 | D:6      | Reached XP level 9. HP: 46/46 MP: 10/10
  5583 | D:6      | Found a radiant altar of Vehumet.
  5638 | D:6      | Reached * piety under Okawaru
  5890 | D:7      | Reached skill level 7 in Axes
  5968 | D:7      | Found a snail-covered altar of Cheibriados.
  6013 | D:7      | HP: 2/46 [wight/spear (4)]
  6053 | D:6      | Reached skill level 5 in Armour
  6713 | D:7      | Reached skill level 5 in Fighting
  7114 | D:8      | Reached ** piety under Okawaru
  7586 | D:8      | Reached skill level 1 in Evocations
  7586 | D:8      | Reached XP level 10. HP: 48/51 MP: 9/11
  7750 | D:8      | Found a white marble altar of Elyvilon.
  7751 | D:8      | Found a shadowy altar of Dithmenos.
  7833 | D:8      | Reached skill level 8 in Axes
  7836 | D:8      | Noticed darumender's ghost (novice DsBe)
  7862 | D:8      | Killed darumender's ghost
  7862 | D:8      | Reached *** piety under Okawaru
  7862 | D:8      | Received a gift from Okawaru
  7939 | D:8      | Found an ornate altar of the Wu Jian Council.
  8489 | D:9      | Found a staircase to the Orcish Mines.
  8561 | D:9      | Noticed Grum
  8562 | D:9      | Noticed Prince Ribbit
  8593 | D:8      | HP: 2/53 [wolf[Grum] (5)]
  8598 | D:8      | HP: 1/53 [wolf[Grum] (1)]
  8948 | D:9      | Killed Grum
  8958 | D:9      | Noticed Pikel
  8994 | D:8      | Killed Pikel
  9053 | D:9      | Killed Prince Ribbit
  9409 | D:9      | Noticed Gastronok
  9427 | D:9      | Killed Gastronok
  9427 | D:9      | Reached **** piety under Okawaru
  9427 | D:9      | Reached skill level 9 in Axes
  9427 | D:9      | Reached XP level 11. HP: 26/58 MP: 5/12
  9654 | D:9      | Noticed Duermok's ghost (novice DDFi)
  9870 | D:9      | Killed Duermok's ghost
  9870 | D:9      | Reached skill level 10 in Axes
  9915 | D:10     | Entered Level 10 of the Dungeon
  9958 | D:10     | Identified a scroll of acquirement
 10338 | D:10     | Noticed a two-headed ogre
 10344 | D:10     | Killed a two-headed ogre
 10344 | D:10     | Reached ***** piety under Okawaru
 10494 | D:10     | Noticed Sonja
 10498 | D:10     | Killed Sonja
 10692 | D:10     | Found a staircase to the Lair.
 10696 | D:10     | Received a gift from Okawaru
 10800 | Lair:1   | Entered Level 1 of the Lair of Beasts
 10853 | Lair:1   | Slain by a black mamba

Skill      XL: |  1  2  3  4  5  6  7  8  9 10 11 |
---------------+----------------------------------+-----
Axes           | 2 3 4 5 6 7 9 10 | 10.7
Fighting       | 3 4 5 6 7 |  7.2
Shields        | 3 4 5 6 7 |  7.5
Armour         | 3 4 5 6 |  6.7
Dodging        | 1 2 3 |  3.5
Stealth        | 1 2 |  2.1
Evocations     | 1 |  1.2
Invocations    | |  0.9

Action                   |  1- 3 |  4- 6 |  7- 9 | 10-12 || total
-------------------------+-------+-------+-------+-------++-------
Melee: War axe           |    76 |    64 |    30 |   258 ||   428
       Bite              |    20 |    44 |   150 |   111 ||   325
       Hand axe          |       |   102 |   401 |       ||   503
       Broad axe         |       |       |       |     9 ||     9
Invok: Heroism           |       |       |     3 |     6 ||     9
Evoke: Wand              |       |       |     4 |     2 ||     6
  Use: Scroll            |     1 |       |     1 |    11 ||    13
       Potion            |     1 |     2 |     1 |     3 ||     7
  Eat: Chunk             |       |     6 |     9 |    10 ||    25
       Ration            |       |       |     3 |       ||     3
Armor: Scale mail        |    46 |    60 |   103 |       ||   209
       Skin              |     2 |    39 |     9 |       ||    50
       Chain mail        |       |       |     8 |   108 ||   116
Dodge: Dodged            |    28 |    50 |   121 |    71 ||   270
Block: Shield            |    49 |   112 |   228 |   157 ||   546
